Map: Terraform LE (Void)

Players

MaMaMia - Winner!

  • Race: Zerg Zerg
  • League: Platinum

ImotoFantasy

  • Race: Protoss Protoss
  • League: Grandmaster

VOD

Have the link to the VOD?

Description

Time

  • Played on: Oct. 25, 2015, 12:40 a.m.
  • Length: 10:04
Show
View Real Time Build Order
Export as new Build Order

MaMaMia Zerg - Winner!

Build Orders: Hatch First 

Get SALT Encoding   

  12  0:01  Drone  
  13  0:12  Overlord  
  13  0:18  Drone  
  14  0:31  Drone x2  
  16  0:36  Drone  
  17  0:45  Drone  
  18  0:57  Hatchery  
  17  0:59  Drone  
  18  1:13  Spawning Pool  
  18  1:15  Drone  
  18  1:18  Extractor  
  17  1:20  Drone  
  18  1:33  Drone  
  19  1:53  Drone  
  20  2:01  Queen  
  20  2:05  Overlord  
  22  2:08  Queen  
  24  2:22  Metabolic Boost  
  24  2:24  Hatchery  
  24  2:27  Drone  
  24  2:28  Drone  
  25  2:34  Drone x2  
  27  2:44  Queen  
  27  2:48  Overlord  
  27  2:51  Drone  
  30  2:52  Drone  
  30  2:55  Drone  
  32  2:58  Zergling x2  
  32  3:02  Drone  
  32  3:03  Drone  
  35  3:07  Drone  
  36  3:14  Drone x4  
  36  3:18  Drone x2  
  42  3:20  Drone  
  42  3:24  Overlord  
  43  3:31  Drone  
  44  3:38  Overlord  
  44  3:46  Drone x3  
  44  3:47  Extractor  
  46  3:51  Overlord  
  46  3:55  Lair  
  45  3:59  Drone x3  
  45  4:00  Evolution Chamber, Roach Warren  
  46  4:03  Extractor  
  46  4:05  Overlord  
  45  4:10  Zergling x4  
  45  4:11  Zergling x4  
  49  4:28  Drone x3  
  52  4:31  Zerg Ground Armor Level 1  
  52  4:33  Zergling x4  
  52  4:34  Zergling x10  
  59  4:46  Overlord  
  59  4:59  Roach  
  74  5:00  Roach x7  
  74  5:05  Glial Reconstitution  
  74  5:07  Overlord  
  74  5:08  Drone  
  74  5:11  Drone x3  
  78  5:16  Drone x3  
  77  5:30  Drone  
  77  5:31  Drone x6  
  77  5:34  Overseer  
  84  5:41  Overlord  
  84  5:55  Ravager x2  
  84  5:56  Ravager x3  
  89  6:01  Drone, Extractor  
  89  6:02  Drone x9  
  89  6:03  Extractor  
  97  6:08  Extractor  
  95  6:28  Zergling x2  
  95  6:29  Zergling x18  
  102  6:37  Overlord  
  93  6:46  Evolution Chamber  
  92  6:47  Overlord  
  92  6:48  Drone x5  
  92  6:50  Hydralisk Den  
  92  6:51  Overlord  
  96  6:58  Overlord  
  93  7:08  Hatchery  
  93  7:12  Overlord  
  90  7:17  Overlord  
  85  7:37  Zerg Missile Weapons Level 1, Muscular Augments  
  84  7:38  Hydralisk x12  
  105  7:47  Zerg Ground Armor Level 2  
  105  7:51  Overlord  
  105  7:53  Overlord  
  105  7:55  Drone x3  
  105  7:56  Drone x2  
  105  7:57  Roach x4  
  105  7:58  Roach  
  120  8:03  Extractor  
  119  8:06  Extractor  
  119  8:08  Overlord  
  119  8:11  Hydralisk x2  
  119  8:12  Hydralisk x3  
  128  8:24  Drone x7  
  135  8:35  Spine Crawler  
  135  8:36  Overlord  
  135  8:37  Queen  
  135  8:39  Drone x2  
  135  8:40  Drone  
  129  9:14  Roach x7  
  143  9:18  Roach  
  143  9:19  Roach x10  
  143  9:20  Hydralisk x4  
  173  9:28  Overlord x2  
  173  9:34  Ravager x3  
  176  9:49  Spine Crawler, Overseer  
  176  9:51  Spine Crawler  
  174  9:53  Spine Crawler  
  174  9:56  Spine Crawler  
  164  10:04  Extractor  
Show
View Real Time Build Order
Export as new Build Order

ImotoFantasy Protoss 

Build Orders: Nexus First 

Get SALT Encoding   

  12  0:00  Probe (Chrono Boost)  
  13  0:11  Probe (Chrono Boost)  
  14  0:18  Pylon  
  14  0:22  Probe (Chrono Boost)  
  15  0:36  Probe (Chrono Boost)  
  16  0:47  Probe (Chrono Boost)  
  17  0:57  Probe (Chrono Boost)  
  17  1:03  Nexus  
  18  1:08  Probe (Chrono Boost)  
  19  1:14  Gateway  
  20  1:18  Probe (Chrono Boost)  
  20  1:22  Assimilator  
  20  1:28  Assimilator  
  20  1:30  Probe (Chrono Boost)  
  21  1:42  Probe (Chrono Boost), Pylon  
  22  1:53  Probe (Chrono Boost)  
  23  2:03  Probe (Chrono Boost)  
  24  2:12  Cybernetics Core  
  24  2:14  Probe (Chrono Boost)  
  25  2:16  Probe (Chrono Boost)  
  25  2:20  Forge  
  26  2:23  Pylon  
  26  2:24  Probe (Chrono Boost)  
  26  2:27  Probe (Chrono Boost)  
  28  2:35  Probe (Chrono Boost)  
  29  2:37  Probe (Chrono Boost)  
  29  2:42  Protoss Ground Weapons Level 1 (Chrono Boost)  
  30  2:44  Probe (Chrono Boost)  
  30  2:47  Probe (Chrono Boost)  
  30  2:48  Warp Gate (Chrono Boost)  
  32  2:54  Probe  
  33  2:59  Probe  
  33  3:04  Gateway  
  34  3:09  Probe  
  34  3:11  Probe  
  36  3:14  Gateway  
  36  3:15  Zealot  
  38  3:23  Probe  
  39  3:27  Probe  
  40  3:35  Probe  
  40  3:39  Probe  
  42  3:43  Pylon  
  42  3:47  Probe, Zealot  
  45  3:51  Probe  
  46  4:00  Probe  
  46  4:01  Pylon  
  47  4:03  Probe  
  48  4:12  Probe  
  48  4:15  Probe  
  50  4:23  Pylon  
  51  4:31  Probe x2  
  51  4:35  Nexus  
  52  4:40  Zealot x2  
  52  4:41  Zealot  
  52  4:43  Probe  
  52  4:45  Protoss Ground Armor Level 1  
  53  4:47  Pylon  
  53  4:48  Probe  
  53  4:51  Pylon  
  54  4:53  Assimilator  
  54  4:54  Assimilator  
  54  4:56  Probe (Chrono Boost)  
  54  4:57  Pylon  
  53  5:00  Probe (Chrono Boost)  
  53  5:01  Pylon  
  54  5:12  Mothership Core (Chrono Boost)  
  54  5:15  Stalker x2  
  54  5:16  Sentry  
  60  5:30  Probe (Chrono Boost)  
  60  5:31  Probe (Chrono Boost)  
  62  5:36  Stargate  
  62  5:40  Probe (Chrono Boost)  
  64  5:43  Probe (Chrono Boost)  
  64  5:45  Robotics Facility  
  64  5:48  Pylon  
  64  5:49  Zealot  
  66  5:50  Zealot x2  
  66  5:53  Pylon  
  70  5:59  Pylon  
  70  6:07  Probe (Chrono Boost)  
  70  6:08  Probe (Chrono Boost)  
  70  6:11  Stalker x3  
  74  6:22  Void Ray (Chrono Boost)  
  66  6:40  Immortal  
  66  6:41  Zealot x2  
  66  6:42  Zealot  
  66  6:43  Mothership Core (Chrono Boost)  
  78  6:48  Probe  
  78  6:53  Protoss Shields Level 1 (Chrono Boost)  
  79  6:57  Twilight Council  
  79  7:00  Probe  
  80  7:01  Nexus  
  80  7:02  Pylon  
  80  7:03  Pylon  
  80  7:04  Pylon, Void Ray  
  80  7:06  Pylon  
  80  7:07  Zealot  
  80  7:08  Zealot x2  
  79  7:25  Observer  
  74  7:30  Zealot x3  
  80  7:41  Probe x2  
  80  7:42  Immortal  
  82  7:45  Charge (Chrono Boost)  
  86  7:51  Fleet Beacon  
  86  7:53  Nexus  
  86  7:55  Photon Cannon  
  86  7:56  Mothership Core  
  86  7:57  Probe, Photon Cannon  
  89  8:00  Pylon  
  89  8:09  Probe  
  90  8:17  Probe  
  94  8:20  Photon Cannon  
  94  8:21  Probe  
  95  8:29  Probe  
  95  8:30  Assimilator  
  95  8:32  Assimilator  
  96  8:35  Photon Cannon  
  96  8:36  Photon Cannon  
  96  8:38  Gateway  
  96  8:40  Gateway  
  94  8:57  Zealot x2  
  94  8:58  Zealot  
  83  9:09  Immortal  
  71  9:19  Zealot  
  71  9:20  Zealot x2  
  77  9:36  Probe  
  77  9:38  Probe  
  79  9:46  Zealot x3  
  79  9:48  Zealot x2  
  79  9:49  Probe  
Tags
 
Add a new tag
Caveats
  • Supply blocks, unpowered buildings, or Contaminate may cause inaccurate times.
  • Supply counts are checked every 10 seconds.